TOP OF THE 1ST |
Rice University Owls batting - Pitching for UCLA Bruins : RHP Cyrano Papadoupolos
|
Pitching: RHP Cyrano Papadoupolos
|
|
Batting: RHB Caleb Mercer
|
0-0: Foul Ball, location: 2F 0-1: Ball 1-1: Ball 2-1: SINGLE (Groundball, 25, EV 66.2 MPH) (infield hit)
|
Batting: RHB Javier Quinones
|
0-0: Foul Ball, location: 2F 0-1: Ball 1-1: Foul Ball, location: 2F 1-2: Ball 2-2: SINGLE (Groundball, 4D, EV 103.1 MPH) Caleb Mercer to second Runner from 2nd tries for 3rd, SAFE, no throw by CF
|
Batting: RHB Neil Worth
|
0-0: Ball 1-0: Foul Ball, location: 2F 1-1: Ball 2-1: Ball 3-1: Foul Ball, location: 2F 3-2: SINGLE (Groundball, 56D, EV 99.4 MPH) Caleb Mercer scores Javier Quinones to second
|
Batting: SHB Wendel van Baal
|
0-0: Foul Ball, location: 2F 0-1: SINGLE (Groundball, 23, EV 63.8 MPH) (infield hit) Javier Quinones to third Neil Worth to second
|
Batting: RHB Alex Alvarez
|
0-0: Foul Ball, location: 2F 0-1: Ball 1-1: Fly out, F3 (Popup, 3SF, EV 71.9 MPH)
|
Batting: LHB Aldred Lieshout
|
0-0: Ball 1-0: Called Strike 1-1: GRAND SLAM HOME RUN (Line Drive, 9LD, EV 98.8 MPH), Distance : 354 ft
|
Batting: RHB Allen Jarvis
|
0-0: Called Strike 0-1: Ball 1-1: Ball 2-1: Called Strike 2-2: Foul Ball, location: 2F 2-2: DOUBLE (Flyball, 78D, EV 91.9 MPH)
|
Batting: RHB Emanuel Pulido
|
0-0: Ball 1-0: SINGLE (Groundball, 6MD, EV 100.0 MPH) Allen Jarvis to third Runner from 3rd tries for Home, SAFE, throw by CF to home
|
Pitching: RHP Jan Marvel
|
|
Batting: SHB Steve Wipf
|
0-0: Grounds into double play, 6-4-3 (Groundball, 6, EV 78.1 MPH)
|
Top of the 1st over - 6 runs, 7 hits, 0 errors, 0 left on base; Rice University 6 - UCLA 0 |
BOTTOM OF THE 1ST |
UCLA Bruins batting - Pitching for Rice University Owls : RHP Cahya Sumual
|
Pitching: RHP Cahya Sumual
|
|
Batting: LHB Mark Cummings
|
0-0: Ball 1-0: Ground out 6-3 (Groundball, 6, EV 85.0 MPH)
|
Batting: RHB Ken Hillman
|
0-0: Ball 1-0: Ball 2-0: Foul Ball, location: 2F 2-1: Foul Ball, location: 2F 2-2: Ball 3-2: SINGLE (Groundball, P, EV 83.8 MPH) (infield hit)
|
Batting: RHB Andy Knerr
|
0-0: Ball 1-0: Foul Ball, location: 2F 1-1: Ball 2-1: Foul Ball, location: 2F 2-2: DOUBLE (Flyball, 78XD, EV 96.9 MPH) Ken Hillman to third
|
Batting: RHB Issac Konol
|
0-0: Called Strike 0-1: Foul Ball, location: 2F 0-2: Ball 1-2: DOUBLE (Flyball, 8LXD, EV 92.5 MPH) Ken Hillman scores Andy Knerr scores
|
Batting: SHB Sean Munns
|
0-0: Foul Ball, location: 2F 0-1: Ball 1-1: Ball 2-1: Ball 3-1: DOUBLE (Flyball, 8LXD, EV 108.1 MPH) Issac Konol scores
|
Batting: LHB Scott Mullett
|
0-0: Ball 1-0: Swinging Strike 1-1: Swinging Strike 1-2: Foul Ball, location: 2F 1-2: Ball 2-2: Ground out 3-1 (Groundball, 34S, EV 79.4 MPH) Sean Munns to third
|
Batting: SHB Mike Beck
|
0-0: Swinging Strike 0-1: Ball Balk! Sean Munns scores 1-1: Ball 2-1: Foul Ball, location: 2F 2-2: Foul Ball, location: 2F 2-2: Ball 3-2: Base on Balls
|
Batting: RHB Michael Alvarado
|
0-0: Swinging Strike 0-1: Ball 1-1: Foul Ball, location: 2F 1-2: Ball 2-2: SINGLE (Groundball, 13, EV 84.4 MPH) (infield hit) Mike Beck to second
|
Batting: RHB Ivan Murillo
|
0-0: Called Strike 0-1: Called Strike 0-2: Ball 1-2: Ball 2-2: Strikes out swinging
|
Bottom of the 1st over - 4 runs, 5 hits, 0 errors, 2 left on base; Rice University 6 - UCLA 4 |
TOP OF THE 2ND |
Rice University Owls batting - Pitching for UCLA Bruins : RHP Jan Marvel
|
Batting: RHB Caleb Mercer
|
0-0: Ball 1-0: Called Strike 1-1: Called Strike 1-2: Ball 2-2: Foul Ball, location: 2F 2-2: Ball 3-2: Ground out 6-3 (Groundball, 6, EV 106.9 MPH)
|
Batting: RHB Javier Quinones
|
0-0: Ground out 6-3 (Groundball, 6, EV 88.8 MPH)
|
Batting: RHB Neil Worth
|
0-0: Called Strike 0-1: Ball 1-1: Ball 2-1: SOLO HOME RUN (Flyball, 7LD, EV 91.2 MPH), Distance : 334 ft
|
Batting: SHB Wendel van Baal
|
0-0: Swinging Strike 0-1: Called Strike 0-2: Ball 1-2: Strikes out swinging
|
Top of the 2nd over - 1 run, 1 hit, 0 errors, 0 left on base; Rice University 7 - UCLA 4 |
BOTTOM OF THE 2ND |
UCLA Bruins batting - Pitching for Rice University Owls : RHP Cahya Sumual
|
Batting: LHB Mark Cummings
|
0-0: Ball 1-0: Foul Ball, location: 2F 1-1: Ball 2-1: SINGLE (Line Drive, 4M, EV 96.9 MPH)
|
Batting: RHB Ken Hillman
|
0-0: Ball 1-0: Foul Ball, location: 2F 1-1: Called Strike 1-2: Strikes out looking
|
Batting: RHB Andy Knerr
|
0-0: Ball 1-0: Ball 2-0: Foul Ball, location: 2F 2-1: Called Strike 2-2: Fly out, F8 (Line Drive, 8LD, EV 90.0 MPH)
|
Batting: RHB Issac Konol
|
0-0: Called Strike 0-1: Fielders Choice at 2nd, 5-4 (Groundball, 5, EV 91.2 MPH)
|
Bottom of the 2nd over - 0 runs, 1 hit, 0 errors, 1 left on base; Rice University 7 - UCLA 4 |
TOP OF THE 3RD |
Rice University Owls batting - Pitching for UCLA Bruins : RHP Jan Marvel
|
Batting: RHB Alex Alvarez
|
0-0: Foul Ball, location: 2F 0-1: Ball 1-1: Ball 2-1: Ground out U3 (Groundball, 3S, EV 86.2 MPH)
|
Batting: LHB Aldred Lieshout
|
0-0: Ball 1-0: Foul Ball, location: 2F 1-1: Foul Ball, location: 2F 1-2: Ball 2-2: Ball 3-2: Foul Ball, location: 2F 3-2: Ground out 3-1 (Groundball, 34, EV 86.2 MPH)
|
Batting: RHB Allen Jarvis
|
0-0: Ball 1-0: Called Strike 1-1: Called Strike 1-2: Ball 2-2: Ball 3-2: Foul Ball, location: 2F 3-2: Base on Balls
|
Pitching: RHP Luis de Jesus
|
|
Batting: RHB Emanuel Pulido
|
0-0: Called Strike 0-1: Ball 1-1: Called Strike 1-2: Ground out 1-3 (Groundball, 25, EV 66.9 MPH)
|
Top of the 3rd over - 0 runs, 0 hits, 0 errors, 1 left on base; Rice University 7 - UCLA 4 |
BOTTOM OF THE 3RD |
UCLA Bruins batting - Pitching for Rice University Owls : RHP Cahya Sumual
|
Batting: SHB Sean Munns
|
0-0: Called Strike 0-1: Ball 1-1: Foul Ball, location: 2F 1-2: Strikes out looking
|
Batting: LHB Scott Mullett
|
0-0: Ball 1-0: Ball 2-0: Called Strike 2-1: Swinging Strike 2-2: Ball 3-2: Strikes out swinging, 2-3 out at first.
|
Batting: SHB Mike Beck
|
0-0: Ball 1-0: Fly out, F7 (Flyball, 78M, EV 88.1 MPH)
|
Bottom of the 3rd over - 0 runs, 0 hits, 0 errors, 0 left on base; Rice University 7 - UCLA 4 |
TOP OF THE 4TH |
Rice University Owls batting - Pitching for UCLA Bruins : RHP Luis de Jesus
|
Batting: SHB Steve Wipf
|
0-0: Swinging Strike 0-1: Swinging Strike 0-2: Foul Ball, location: 2F 0-2: Ball 1-2: Ball 2-2: Strikes out swinging, 2-3 out at first.
|
Batting: RHB Caleb Mercer
|
0-0: Called Strike 0-1: Ball 1-1: Ground out 6-3 (Groundball, 6M, EV 102.5 MPH)
|
Batting: RHB Javier Quinones
|
0-0: Ball 1-0: Swinging Strike 1-1: Called Strike 1-2: Ball 2-2: Foul Ball, location: 2F 2-2: Ground out 6-3 (Groundball, 6, EV 110.6 MPH)
|
Top of the 4th over - 0 runs, 0 hits, 0 errors, 0 left on base; Rice University 7 - UCLA 4 |
BOTTOM OF THE 4TH |
UCLA Bruins batting - Pitching for Rice University Owls : RHP Cahya Sumual
|
Batting: RHB Michael Alvarado
|
0-0: Called Strike 0-1: Ball 1-1: Ball 2-1: Ball 3-1: Ground out 6-3 (Groundball, 6S, EV 67.5 MPH)
|
Batting: RHB Ivan Murillo
|
0-0: Fly out, F4 (Popup, 4, EV 71.9 MPH)
|
Batting: LHB Mark Cummings
|
0-0: Swinging Strike 0-1: Foul Ball, location: 2F 0-2: Ball 1-2: Foul Ball, location: 2F 1-2: Ball 2-2: Fly out, F9 (Line Drive, 89M, EV 95.6 MPH)
|
Bottom of the 4th over - 0 runs, 0 hits, 0 errors, 0 left on base; Rice University 7 - UCLA 4 |
TOP OF THE 5TH |
Rice University Owls batting - Pitching for UCLA Bruins : RHP Luis de Jesus
|
Batting: RHB Neil Worth
|
0-0: Ball 1-0: SINGLE (Groundball, 4MD, EV 95.6 MPH)
|
Batting: SHB Wendel van Baal
|
0-0: Ball 1-0: Foul Ball, location: 2F 1-1: Foul Ball, location: 2F 1-2: Ball 2-2: Ball 3-2: Strikes out swinging
|
Pitching: RHP Mark Crawford
|
|
Batting: RHB Alex Alvarez
|
0-0: Ball 1-0: Ball 2-0: Called Strike 2-1: Ball 3-1: Base on Balls Neil Worth to second
|
Batting: LHB Aldred Lieshout
|
0-0: Called Strike 0-1: Foul Ball, location: 2F 0-2: Ball 1-2: Strikes out swinging
|
Batting: RHB Allen Jarvis
|
0-0: Ground out U3 (Groundball, 3, EV 106.9 MPH)
|
Top of the 5th over - 0 runs, 1 hit, 0 errors, 2 left on base; Rice University 7 - UCLA 4 |
BOTTOM OF THE 5TH |
UCLA Bruins batting - Pitching for Rice University Owls : RHP Cahya Sumual
|
Pitching: RHP Bill Lightheart
|
|
Batting: RHB Ken Hillman
|
0-0: Called Strike 0-1: Ball 1-1: Foul Ball, location: 2F 1-2: Ball 2-2: Fly out, F8 (Flyball, 8RD, EV 98.8 MPH)
|
Batting: RHB Andy Knerr
|
0-0: Swinging Strike 0-1: Ball 1-1: Ball 2-1: Ground out 5-3 (Groundball, 56S, EV 77.5 MPH)
|
Batting: RHB Issac Konol
|
0-0: Ball 1-0: Called Strike 1-1: Swinging Strike 1-2: Ground out 6-3 (Groundball, 6, EV 83.1 MPH)
|
Bottom of the 5th over - 0 runs, 0 hits, 0 errors, 0 left on base; Rice University 7 - UCLA 4 |
TOP OF THE 6TH |
Rice University Owls batting - Pitching for UCLA Bruins : RHP Mark Crawford
|
Batting: RHB Emanuel Pulido
|
0-0: Ball 1-0: Foul Ball, location: 2F 1-1: SOLO HOME RUN (Flyball, 7LD, EV 95.6 MPH), Distance : 353 ft
|
Batting: SHB Steve Wipf
|
0-0: Ground out U3 (Groundball, 34S, EV 89.4 MPH)
|
Batting: RHB Caleb Mercer
|
0-0: Ball 1-0: Foul Ball, location: 2F 1-1: Called Strike 1-2: Ground out 6-3 (Groundball, 6, EV 77.5 MPH)
|
Batting: RHB Javier Quinones
|
0-0: Called Strike 0-1: Ball 1-1: Foul Ball, location: 2F 1-2: Ground out 5-3 (Groundball, 56S, EV 82.5 MPH)
|
Top of the 6th over - 1 run, 1 hit, 0 errors, 0 left on base; Rice University 8 - UCLA 4 |
BOTTOM OF THE 6TH |
UCLA Bruins batting - Pitching for Rice University Owls : RHP Bill Lightheart
|
Batting: SHB Sean Munns
|
0-0: Swinging Strike 0-1: Ball 1-1: Foul Ball, location: 2F 1-2: Ground out 3-1 (Groundball, 34S, EV 81.2 MPH)
|
Batting: LHB Scott Mullett
|
0-0: Called Strike 0-1: Ball 1-1: Swinging Strike 1-2: Ball 2-2: Fly out, F7 (Flyball, 7D, EV 105.6 MPH)
|
Batting: SHB Mike Beck
|
0-0: Ball 1-0: Ball 2-0: Fly out, F9 (Line Drive, 9LS, EV 98.1 MPH)
|
Bottom of the 6th over - 0 runs, 0 hits, 0 errors, 0 left on base; Rice University 8 - UCLA 4 |
TOP OF THE 7TH |
Rice University Owls batting - Pitching for UCLA Bruins : RHP Mark Crawford
|
Pitching: RHP Quincy Bowen
|
|
Batting: RHB Neil Worth
|
0-0: Ball 1-0: Foul Ball, location: 2F 1-1: Called Strike 1-2: Ball 2-2: Strikes out swinging, 2-3 out at first.
|
Batting: SHB Wendel van Baal
|
0-0: Ball 1-0: Ball 2-0: Swinging Strike 2-1: Ground out 6-3 (Groundball, 6, EV 81.2 MPH)
|
Batting: RHB Alex Alvarez
|
0-0: Ball 1-0: Fly out, F8 (Line Drive, 8LM, EV 98.1 MPH)
|
Top of the 7th over - 0 runs, 0 hits, 0 errors, 0 left on base; Rice University 8 - UCLA 4 |
BOTTOM OF THE 7TH |
UCLA Bruins batting - Pitching for Rice University Owls : RHP Bill Lightheart
|
Pitching: LHP Joe Fleury
|
|
Batting: RHB Michael Alvarado
|
0-0: Ball 1-0: Ball 2-0: Ball 3-0: Base on Balls
|
Batting: RHB Ivan Murillo
|
0-0: Ball 1-0: Ball 2-0: Fly out, F8 (Flyball, 89S, EV 83.8 MPH)
|
Batting: LHB Mark Cummings
|
0-0: Called Strike 0-1: Foul Ball, location: 2F 0-2: Fielders Choice at 2nd, 5-4 (Groundball, 5, EV 86.2 MPH)
|
Batting: RHB Ken Hillman
|
0-0: Called Strike 0-1: Called Strike 0-2: Foul Ball, location: 2F 0-2: SINGLE (Line Drive, 89M, EV 97.5 MPH) Mark Cummings to second Runner from 2nd tries for 3rd, SAFE, no throw by CF
|
Batting: RHB Andy Knerr
|
0-0: Called Strike 0-1: Ball 1-1: Fly out, F8 (Flyball, 78S, EV 83.1 MPH)
|
Bottom of the 7th over - 0 runs, 1 hit, 0 errors, 2 left on base; Rice University 8 - UCLA 4 |
TOP OF THE 8TH |
Rice University Owls batting - Pitching for UCLA Bruins : RHP Quincy Bowen
|
Pitching: LHP Joe Landgraff
|
|
Batting: LHB Aldred Lieshout
|
0-0: Ball 1-0: Ground out U3 (Groundball, 3S, EV 69.4 MPH)
|
Batting: RHB Allen Jarvis
|
0-0: Ball 1-0: SOLO HOME RUN (Flyball, 7LD, EV 93.8 MPH), Distance : 335 ft
|
Batting: RHB Emanuel Pulido
|
0-0: Ball 1-0: Foul Ball, location: 2F 1-1: Called Strike 1-2: Ball 2-2: Strikes out swinging
|
Batting: SHB Steve Wipf
|
0-0: Called Strike 0-1: Ground out 5-3 (Groundball, 5S, EV 68.8 MPH)
|
Top of the 8th over - 1 run, 1 hit, 0 errors, 0 left on base; Rice University 9 - UCLA 4 |
BOTTOM OF THE 8TH |
UCLA Bruins batting - Pitching for Rice University Owls : LHP Joe Fleury
|
Pitching: RHP Ben Filippone
|
|
Batting: RHB Issac Konol
|
0-0: Called Strike 0-1: Ball 1-1: SINGLE (Line Drive, 78S, EV 95.6 MPH)
|
Batting: SHB Sean Munns
|
0-0: Ball 1-0: Called Strike 1-1: Called Strike 1-2: Foul Ball, location: 2F 1-2: Grounds into double play, 1-4-3 (Groundball, 15S, EV 65.0 MPH)
|
Batting: LHB Scott Mullett
|
0-0: Ball 1-0: Ground out 6-3 (Groundball, 6M, EV 107.5 MPH)
|
Bottom of the 8th over - 0 runs, 1 hit, 0 errors, 0 left on base; Rice University 9 - UCLA 4 |
TOP OF THE 9TH |
Rice University Owls batting - Pitching for UCLA Bruins : LHP Joe Landgraff
|
Batting: RHB Caleb Mercer
|
0-0: Foul Ball, location: 2F 0-1: SINGLE (Line Drive, 9S, EV 105.6 MPH)
|
Batting: RHB Javier Quinones
|
0-0: Foul Ball, location: 2F 0-1: Ball 1-1: Ball Caleb Mercer steals 2nd base 2-1: Called Strike 2-2: Foul Ball, location: 2F 2-2: Foul Ball, location: 2F 2-2: Fly out, F9 (Flyball, 9, EV 93.8 MPH)
|
Batting: RHB Neil Worth
|
0-0: Called Strike 0-1: Ball 1-1: Fly out, F7 (Flyball, 78M, EV 89.4 MPH)
|
Batting: SHB Wendel van Baal
|
0-0: Called Strike 0-1: Foul Ball, location: 2F 0-2: Ball 1-2: Strikes out looking
|
Top of the 9th over - 0 runs, 1 hit, 0 errors, 1 left on base; Rice University 9 - UCLA 4 |
BOTTOM OF THE 9TH |
UCLA Bruins batting - Pitching for Rice University Owls : RHP Ben Filippone
|
Batting: SHB Mike Beck
|
0-0: Ball 1-0: Ground out 5-3 (Groundball, 5, EV 89.4 MPH)
|
Batting: RHB Michael Alvarado
|
0-0: Ball 1-0: Ball 2-0: Foul Ball, location: 2F 2-1: Ball 3-1: Foul Ball, location: 2F 3-2: Base on Balls
|
Pinch Hitting: RHB Dave Spradley
|
0-0: Ball 1-0: Ball 2-0: Ball 3-0: Base on Balls Michael Alvarado to second
|
Pitching: LHP Shan Ping
|
|
Batting: LHB Mark Cummings
|
0-0: Ball 1-0: Foul Ball, location: 2F 1-1: Swinging Strike 1-2: Foul Ball, location: 2F 1-2: Ball 2-2: DOUBLE (Line Drive, 8LD, EV 98.8 MPH) Michael Alvarado scores Dave Spradley to third
|
Batting: RHB Ken Hillman
|
0-0: Ball 1-0: Ball 2-0: Called Strike 2-1: Called Strike 2-2: Strikes out swinging
|
Batting: RHB Andy Knerr
|
0-0: Called Strike 0-1: Called Strike 0-2: Foul Ball, location: 2F 0-2: Foul Ball, location: 2F 0-2: Ball 1-2: Strikes out swinging
|
Bottom of the 9th over - 1 run, 1 hit, 0 errors, 2 left on base; Rice University 9 - UCLA 5 |
|